 Dungeon Crawl Stone Soup version 0.25-a0-578-gc91f01c39c (webtiles) character file.

Game seed: 12073890064767060758, levelgen mode: deterministic

51 Emblim88 the Skirmisher (level 3, -1/39 HPs)
             Began as a Troll Monk on Mar 4, 2020.
             Slain by a gnoll
             ... wielding a +2 vampiric spear
              (6 damage)
             ... on level 2 of the Dungeon.
             The game lasted 00:01:15 (606 turns).

Emblim88 the Skirmisher (Troll Monk)                 Turns: 606, Time: 00:01:15

Health: -1/39      AC:  6    Str: 20    XL:     3   Next: 57%
Magic:  2/2        EV: 10    Int:  6    God:
Gold:   34         SH:  0    Dex: 12    Spells: 2/2 levels left

rFire    . . .     SeeInvis .     - Unarmed
rCold    . . .     Gourm    +   (no shield)
rNeg     . . .     Faith    .   a - +0 robe
rPois    .         Spirit   .   (helmet restricted)
rElec    .         Reflect  .   (no cloak)
rCorr    .         Harm     .   (gloves unavailable)
MR       .....                  (boots unavailable)
Stlth    ++........             (no amulet)
HPRegen  0.53/turn              (no ring)
MPRegen  0.08/turn              (no ring)

@: no status effects
A: large, unfitting armour, claws 3, fast metabolism 3, gourmand, regeneration
1, shaggy fur 1, tough skin 3
a: no special abilities


You were on level 2 of the Dungeon.
You were completely stuffed.

You visited 1 branch of the dungeon, and saw 2 of its levels.

You collected 34 gold pieces.

Inventory:

Missiles
 c - 50 stones (quivered)
Armour
 a - a +0 robe (worn)
Scrolls
 f - 3 scrolls of remove curse {unknown}
 h - a scroll of identify {unknown}
 k - a scroll of amnesia {unknown}
Potions
 d - a potion of invisibility {unknown}
 g - a potion of berserk rage {unknown}
 i - a potion of ambrosia {unknown}
Comestibles
 b - 4 rations
 j - 9 chunks of flesh


   Skills:
 + Level 3.8 Fighting
 - Level 2.4 Dodging
 - Level 1.0 Stealth
 - Level 3.0 Unarmed Combat


You had 2 spell levels left.
You didn't know any spells.
Your spell library was empty.

Dungeon Overview and Level Annotations

Branches:
Dungeon (1/15)

Altars:


Innate Abilities, Weirdness & Mutations

You are too large for most types of armour.
You have claws for hands.
Your metabolism is lightning-fast.
You like to eat raw meat.
Your natural rate of healing is unusually fast.
You are covered in fur. (AC +1)
You have extremely tough skin. (AC +3)


Message History

* * * LOW HITPOINT WARNING * * *
You claw the gnoll!
You kill the gnoll!
The gnoll closely misses you.
You closely miss the gnoll. The gnoll hits you with a +0 whip.
* * * LOW HITPOINT WARNING * * *
The gnoll hits you from afar with a +2 vampiric spear.
* * * LOW HITPOINT WARNING * * *
You feel better. The gnoll closely misses you. The gnoll barely misses you.
You claw the gnoll!
You kill the gnoll!
The gnoll closely misses you.
The gnoll hits you with a +2 vampiric spear!
* * * LOW HITPOINT WARNING * * *
Items here: )) †† a +0 whip; a +0 halberd; a gnoll corpse x2
You barely miss the gnoll. You barely miss the gnoll.
The gnoll hits you with a +2 vampiric spear.
You die...

#.######
#......# ..#.#
######.#
####...# #.#
..#...# #.#
#.#...###+#
####'#
#.#........
#.....
#.#........
#.....
#.####@#.#......
#.....
#....g..$.>.....
#.....
#....#....#.....
#.....
.......+..÷.#
... #.....
.##....#....# #
#.....
######....# #.#
####.# #....#
#.# #.# #....#
#.# #.# #.÷..#
#.######.#


You could see a gnoll.

Vanquished Creatures
  2 gnolls (D:2)
  A ball python (D:2)
  5 bats
  A giant cockroach (D:1)
  4 goblins (D:1)
  2 hobgoblins (D:1)
  4 jackals (D:2)
  A frilled lizard (D:1)
  4 kobolds (D:1)
  4 rats
28 creatures vanquished.

Notes
Turn   | Place    | Note
-------+----------+-------------------------------------------
     0 | D:1      | Emblim88 the Troll Monk began the quest for the Orb.
     0 | D:1      | Reached XP level 1. HP: 22/22 MP: 0/0
   119 | D:1      | Reached XP level 2. HP: 24/29 MP: 1/1
   490 | D:1      | You fall into a shaft and drop 1 floor!
   570 | D:2      | Reached XP level 3. HP: 36/37 MP: 2/2
   601 | D:2      | HP: 1/39 [gnoll/+2 vampiric spear (3)]
   606 | D:2      | Slain by a gnoll

Levels and vault maps discovered:
D:1:      minmay_arrival_hallway, layout_basic, minmay_indecisive_spiral
D:2:      layout_basic, lemuel_coloured_pillars_altar

Skill      XL: |  1  2 |
---------------+-------+-----
Fighting       | 3 |  3.8
Dodging        | |  2.4
Stealth        | |  1.0
Unarmed Combat | |  3.0

Action                   || total
-------------------------++-------
Melee: Unarmed           ||    65
       Punch             ||     1
  Use: Potion            ||     2
 Stab: Sleeping          ||     2
  Eat: Chunk             ||    11
Armor: Robe              ||    29
Dodge: Dodged            ||    46

Table legend:
 A = Non-vault XP
 B = Vault XP
 C = Vault XP percentage of total XP
 D = Non-vault monster count
 E = Vault monster count
 F = Vault count percentage of total count
                 A         B        C        D         E       F
            +---------+---------+-------+---------+---------+-------
      Total |      66 |       7 |   9.6 |      24 |       4 |  14.3
            +---------+---------+-------+---------+---------+-------
        D:1 |      24 |       7 |  22.6 |      15 |       4 |  21.1
        D:2 |      42 |       0 |   0.0 |       9 |       0 |   0.0
            +---------+---------+-------+---------+---------+-------
